 Dungeon Crawl Stone Soup version 0.25.0-9-g26727b657a (webtiles) character file.

Game seed: 3701521672191491189

2599 mopl the Cleaver (level 9, -2/103 HPs)
             Began as a Demonspawn Warper on June 20, 2020.
             Was an Elder of Trog.
             Slain by Menkaure (14 damage)
             ... on level 7 of the Dungeon.
             The game lasted 00:07:57 (7241 turns).

mopl the Cleaver (Demonspawn Warper)                Turns: 7241, Time: 00:07:57

Health: -2/103     AC:  5    Str: 15    XL:     9   Next: 33%
Magic:  0/12       EV: 12    Int: 14    God:    Trog [****..]
Gold:   313        SH:  3    Dex: 13    Spells: 12/12 levels left

rFire    . . .     SeeInvis +   a - +0 hand axe
rCold    + . .     Gourm    .   h - +0 buckler
rNeg     . . .     Faith    .   F - +0 steam dragon scales
rPois    .         Spirit   +   (no helmet)
rElec    .         Reflect  .   (no cloak)
rCorr    .         Harm     .   (no gloves)
MR       .....                  (no boots)
Stlth    ..........             (no amulet)
HPRegen  0.27/turn              m - ring of protection from cold
MPRegen  0.13/turn              v - ring of see invisible

@: berserking, very quick
A: hooves 2, spiny 2, magic shield
a: Berserk, Trog's Hand, Brothers in Arms, Renounce Religion


You were on level 7 of the Dungeon.
You worshipped Trog.
Trog was greatly pleased with you.
You were hungry.

You visited 1 branch of the dungeon, and saw 7 of its levels.

You collected 313 gold pieces.

Inventory:

Hand Weapons
 a - a +0 hand axe (weapon)
Missiles
 e - 5 boomerangs of dispersal
 i - 6 atropa-tipped darts
 r - 16 curare-tipped darts (quivered)
 x - 21 poisoned darts
 G - 7 javelins
Armour
 h - a +0 buckler (worn)
 o - a +1 leather armour of fire resistance
 w - a +0 kite shield
 y - a +0 plate armour
 F - +0 steam dragon scales (worn)
Jewellery
 m - a ring of protection from cold (left hand)
 v - a ring of see invisible (right hand)
 z - an uncursed ring of positive energy
 A - a +6 ring of intelligence
Wands
 k - a wand of clouds (10)
 D - a wand of enslavement (13)
 E - a wand of acid (9)
 H - a wand of polymorph (6)
Scrolls
 c - 6 scrolls of teleportation
 d - a scroll of blinking
 g - 6 scrolls of remove curse {unknown}
 p - 4 scrolls of noise {unknown}
 t - a scroll of enchant armour {unknown}
 u - 2 scrolls of identify
 C - a scroll of random uselessness {unknown}
Potions
 b - a potion of heal wounds
 j - a potion of lignification
 l - 3 potions of might
 n - 2 potions of cancellation
 q - 2 potions of haste
 s - a potion of flight
 B - a potion of stabbing {unknown}
 I - a potion of curing {unknown}
Comestibles
 f - 16 rations
 J - 2 chunks of flesh


   Skills:
 + Level 6.3 Fighting
 * Level 8.7 Axes
 + Level 2.9 Throwing
 + Level 2.8 Armour
 + Level 3.2 Dodging
 - Level 2.0 Spellcasting
   Level 2.6 Translocations
 + Level 2.8 Evocations


You had 12 spell levels left.
You didn't know any spells.
Your spell library contained the following spells:

 Spells                   Type           Power        Failure   Level  Hunger
 Blink                    Tloc           N/A          21%         2    ###....
 Shroud of Golubria       Chrm/Tloc      #.....       34%         2    ###....
 Gell's Gravitas          Tloc           #.........   36%         3    ####...
 Lesser Beckoning         Tloc           #.........   36%         3    ####...
 Teleport Other           Tloc           #.......     36%         3    ####...
 Passage of Golubria      Tloc           N/A          78%         4    #####..


Dungeon Overview and Level Annotations

Branches:
Dungeon (7/15)             Temple (0/1) D:5

Altars:
Ashenzari
Trog
Uskayaw

Annotations:
D:7 Menkaure


Innate Abilities, Weirdness & Mutations

You have hoof-like feet.
You are mostly covered in sharp spines.
When hurt, damage is shared between your health and your magic reserves.


Message History

Unknown command.
You are too injured to fight recklessly!
You are too injured to fight recklessly!
Unknown command.
You are too injured to fight recklessly!
You barely miss Menkaure. You kick Menkaure.
Menkaure is almost destroyed.
Menkaure hits you but does no damage.
You hit Menkaure but do no damage.
Menkaure is almost destroyed.
Menkaure hits you!!
* * * LOW HITPOINT WARNING * * *
Menkaure gestures at you while chanting.
Pain shoots through your body!
* * * LOW HITPOINT WARNING * * *
A red film seems to cover your vision as you go berserk!
You feel yourself moving faster!
You feel mighty!
You are feeling hungry.
Menkaure is struck by your spines. Menkaure hits you!
You die...

#########.. ...###.
#........). ..M....
#.......).. .......
#.......)## .......
#......†.#. # ....c
#........#. #. ...
#........#.
#####'####+###........#.
......)@...(..........#.
......M...............#+
........................
........................
........................
........................
........................
....:...................
...


You could see Menkaure (fast).

Vanquished Creatures
  Maggie (D:6)
  Grinder (D:3)
  Eustachio (D:4)
  A water moccasin (D:7)
  3 sky beasts
  3 ogres
  2 centaurs
  Blork the orc (D:6)
  4 big kobolds
  A water moccasin skeleton (D:6)
  A scorpion (D:5)
  2 crimson imps (D:6)
  A jelly (D:6)
  2 hounds
  3 orc wizards
  A bullfrog skeleton (D:5)
  Jessica (D:2)
  Terence (D:2)
  An iguana (D:6)
  3 worker ants
  A hound skeleton (D:4)
  A worker ant zombie (D:7)
  6 gnolls
  A howler monkey skeleton (D:5)
  10 adders
  2 shadow imps (D:5)
  An adder skeleton (D:6)
  A worm (D:6)
  2 dart slugs (D:2)
  6 leopard geckos
  13 orcs
  3 ball pythons
  5 giant cockroaches
  9 goblins
  7 hobgoblins
  7 jackals
  A quokka (D:2)
  7 bats
  60 kobolds
  7 rats
184 creatures vanquished.

Notes
Turn   | Place    | Note
-------+----------+-------------------------------------------
     0 | D:1      | mopl the Demonspawn Warper began the quest for the Orb.
     0 | D:1      | Reached XP level 1. HP: 16/16 MP: 3/3
   124 | D:1      | Reached skill level 2 in Axes
   584 | D:1      | Gained mutation: You have large cloven feet. [demonic
                  | ancestry]
   584 | D:1      | Reached XP level 2. HP: 17/22 MP: 5/5
  1060 | D:2      | Reached skill level 3 in Axes
  1364 | D:2      | Gained mutation: When hurt, damage is shared between your
                  | health and your magic reserves. [demonic ancestry]
  1364 | D:2      | Reached XP level 3. HP: 17/27 MP: 6/6
  1862 | D:2      | Noticed Terence
  1891 | D:2      | Killed Terence
  1891 | D:2      | Reached skill level 4 in Axes
  1891 | D:2      | Gained mutation: You are partially covered in sharp spines.
                  | [demonic ancestry]
  1891 | D:2      | Reached XP level 4. HP: 9/33 MP: 3/7
  2372 | D:2      | Noticed Jessica
  2373 | D:2      | Found a faded altar of an unknown god.
  2378 | D:2      | Killed Jessica
  2401 | D:2      | Became a worshipper of Trog the Wrathful
  2401 | D:2      | Reached * piety under Trog
  2666 | D:3      | Reached XP level 5. HP: 35/39 MP: 5/8
  2922 | D:3      | Noticed Grinder
  2937 | D:3      | Killed Grinder
  2937 | D:3      | Reached skill level 5 in Axes
  2937 | D:3      | Gained mutation: You are mostly covered in sharp spines.
                  | [demonic ancestry]
  2937 | D:3      | Reached XP level 6. HP: 30/48 MP: 5/9
  3009 | D:3      | Reached ** piety under Trog
  3464 | D:3      | Found a shattered altar of Ashenzari.
  3465 | D:3      | Found a hide-covered altar of Uskayaw.
  3576 | D:4      | Noticed a sky beast
  3586 | D:4      | Killed a sky beast
  3586 | D:4      | Reached skill level 6 in Axes
  3774 | D:4      | Reached XP level 7. HP: 54/54 MP: 10/10
  4169 | D:4      | Reached skill level 7 in Axes
  4235 | D:4      | Noticed Eustachio
  4250 | D:4      | Killed Eustachio
  4250 | D:4      | Reached *** piety under Trog
  4250 | D:4      | Reached skill level 5 in Fighting
  4423 | D:4      | Gained mutation: You have hoof-like feet. [demonic
                  | ancestry]
  4423 | D:4      | Reached XP level 8. HP: 54/62 MP: 9/11
  4947 | D:5      | Entered Level 5 of the Dungeon
  4999 | D:5      | Reached skill level 1 in Throwing
  4999 | D:5      | Reached skill level 1 in Armour
  5373 | D:5      | Found a staircase to the Ecumenical Temple.
  5617 | D:5      | Reached skill level 1 in Evocations
  5825 | D:6      | Reached **** piety under Trog
  5825 | D:6      | Reached skill level 8 in Axes
  6010 | D:6      | Noticed Blork the orc
  6021 | D:6      | Killed Blork the orc
  6210 | D:6      | Noticed Maggie
  6224 | D:6      | Killed Maggie
  6224 | D:6      | Reached XP level 9. HP: 34/69 MP: 6/12
  7227 | D:7      | Noticed Menkaure
  7241 | D:7      | Slain by Menkaure

Illustrated notes

Levels and vault maps discovered:
D:1:      roderic_chinese_lattice_arrival, layout_loops_corners
D:2:      layout_basic, chequers_ecumenical_altar_simple,
          kennysheep_generic_room_2, uniq_jessica, uniq_terence
D:3:      layout_loops_ring, gammafunk_temple_overflow_pools, first_ration,
          minmay_misc_feat_cross, uniq_grinder
D:4:      minmay_goblin_kobold_castle, layout_basic, uniq_eustachio
D:5:      layout_loops_ring, minmay_temple_entry_mist
D:6:      layout_basic, uniq_maggie, uniq_blork_the_orc
D:7:      layout_gridville, uniq_menkaure

Skill      XL: |  1  2  3  4  5  6  7  8  9 |
---------------+----------------------------+-----
Axes           | 2 3 4 5 6 7 8 |  8.7
Fighting       | 3 4 5 6 |  6.3
Throwing       | 2 |  2.9
Armour         | 2 |  2.8
Dodging        | 2 3 |  3.2
Evocations     | 2 |  2.8
Spellcasting   | |  2.0
Translocations | |  2.6

Action                   |  1- 3 |  4- 6 |  7- 9 || total
-------------------------+-------+-------+-------++-------
Melee: Hand axe          |   133 |    80 |   298 ||   511
       Unarmed           |    10 |       |       ||    10
       Kick              |    23 |    17 |    67 ||   107
Invok: Berserk           |       |     3 |     1 ||     4
       Trog's Hand       |       |       |     1 ||     1
Evoke: Wand              |     1 |       |       ||     1
  Use: Scroll            |     5 |     3 |       ||     8
       Potion            |     1 |       |       ||     1
  Eat: Chunk             |     3 |     8 |    13 ||    24
Armor: Leather armour    |    38 |    16 |    42 ||    96
       Skin              |    11 |       |       ||    11
       Steam dragon scal |       |       |    10 ||    10
Dodge: Dodged            |    85 |    22 |   153 ||   260
Block: Buckler           |    16 |    12 |    38 ||    66
